 Dungeon Crawl Stone Soup version 0.20-a0-1058-g0491fde (webtiles) character file.

1045 lordofpotatos the Ruffian (level 8, -8/79 HPs)
             Began as a Troll Monk on Apr 26, 2017.
             Was an Elder of Wu Jian.
             Mangled by Duvessa
             ... wielding a +0 short sword of speed
              (21 damage)
             ... on level 5 of the Dungeon.
             The game lasted 00:20:28 (3406 turns).

lordofpotatos the Ruffian (Troll Monk)              Turns: 3406, Time: 00:20:28

Health: -8/79      AC:  5    Str: 22    XL:     8   Next: 4%
Magic:  0/7        EV: 12    Int:  6    God:    Wu Jian [****..]
Gold:   271        SH:  0    Dex: 12    Spells: 7/7 levels left

rFire    x . .     SeeInvis .     - Unarmed
rCold    + . .     Gourm    +   (no shield)
rNeg     . . .     Faith    .   a - +0 robe
rPois    +         Spirit   +   (helmet restricted)
rElec    .         Reflect  .   (no cloak)
rCorr    .         Harm     .   (gloves unavailable)
MR       .....                  (boots unavailable)
Stlth    ++........             m - amulet of guardian spirit
Regen    0.7/turn               j - ring of poison resistance
MPRegen  0.1/turn               t - ring of ice

@: no status effects
A: unfitting armour, claws 3, fast metabolism 3, gourmand, regeneration 1,
shaggy fur 1, tough skin 2
a: Serpent's Lash, Renounce Religion


You were on level 5 of the Dungeon.
You worshipped Wu Jian.
Wu Jian was greatly pleased with you.
You were not hungry.

You visited 1 branch of the dungeon, and saw 5 of its levels.
You also visited: Sewer.

You collected 271 gold pieces.

Inventory:

Missiles
 c - 4 javelins of returning (quivered)
Armour
 a - a +0 robe (worn)
Jewellery
 j - a ring of poison resistance (left claw)
 m - an amulet of guardian spirit (around neck)
 t - a ring of ice (right claw)
Scrolls
 f - 2 scrolls of remove curse
 g - 3 scrolls of fog {unknown}
 h - 6 scrolls of identify {unknown}
 k - 2 scrolls of enchant armour {unknown}
 n - a scroll of noise {unknown}
 q - a scroll of teleportation {unknown}
 u - 2 scrolls of random uselessness {unknown}
 v - a scroll of recharging {unknown}
 y - a scroll of amnesia {unknown}
 A - a scroll of fear {unknown}
Potions
 b - a potion of invisibility {unknown}
 e - 2 potions of haste
 i - 8 potions of curing
 l - a potion of mutation {unknown}
 o - 7 potions of heal wounds {unknown}
 p - 2 potions of brilliance {unknown}
 r - 2 potions of might {unknown}
 s - 2 potions of agility {unknown}
Books
 w - a book of Conjurations

   Spells                             Type                      Level
   a - Magic Dart                     Conjuration                  1
   b - Searing Ray                    Conjuration                  2
   c - Dazzling Spray                 Conjuration/Hexes            3
   d - Fulminant Prism                Conjuration/Hexes            4
   e - Force Lance                    Conjuration/Translocation    4
   f - Iskenderun's Mystic Blast      Conjuration                  4
Comestibles
 d - a bread ration
 x - a royal jelly
 z - a meat ration


   Skills:
 + Level 4.4 Fighting
 + Level 4.0 Throwing
 + Level 4.6 Dodging
 - Level 1.0 Stealth
 + Level 5.6 Unarmed Combat


You had 7 spell levels left.
You didn't know any spells.

Dungeon Overview and Level Annotations

Branches:
Dungeon (5/15)
 Temple: D:4-7

Altars:
Hepliaklqana
Wu Jian

Annotations:
D:5 Duvessa


Innate Abilities, Weirdness & Mutations

You are too large for most types of armour.
You have claws for hands.
Your metabolism is lightning-fast.
You like to eat raw meat.
Your natural rate of healing is unusually fast.
You are covered in fur. (AC +1)
You have very tough skin. (AC +2)


Message History

Duvessa barely misses you.
You claw Duvessa!
Duvessa is lightly wounded.
Duvessa closely misses you. Duvessa barely misses you.
You scratch Duvessa.
Duvessa is moderately wounded.
Duvessa hits you with a short sword of speed!
You claw Duvessa!
Duvessa is heavily wounded.
Duvessa hits you with a short sword of speed!
Duvessa barely misses you.
You scratch Duvessa.
Duvessa is heavily wounded.
Duvessa hits you with a short sword of speed!!
You barely miss Duvessa.
Duvessa is heavily wounded.
Duvessa hits you with a short sword of speed! x2
* * * LOW HITPOINT WARNING * * *
Duvessa hits you with a short sword of speed!!
You die...

#### *..# ##.# ##..##
*** ##....######.**
#?..@e)......,***
##(.$..######.,,,*****
##......# **,,,,,,,,
##..###..# *,,,,,,,,
##..##,...#* *,,,,,,,,
#....####..# *,,,,,,,,
##...# #..# **,,,,,,,
##..# ##.## **,,,,,,,
#..# #..# **,,,,,,,,


You could see Duvessa (berserk).

Vanquished Creatures
  2 phantoms
  A centaur (D:5)
  2 big kobolds (Sewer)
  A bullfrog (D:3)
  Dowan (D:5)
  A howler monkey (D:4)
  An orc wizard (D:4)
  4 orc priests
  An iguana (D:4)
  A worker ant (D:4)
  A hound skeleton (D:5)
  7 gnolls
  7 adders
  3 river rats (Sewer)
  An ooze (D:4)
  4 worms
  5 leopard geckos
  7 orcs
  7 bats
  6 giant cockroaches
  6 goblins
  8 hobgoblins
  16 kobolds
  7 ball pythons
  4 frilled lizards (D:2)
  A jackal skeleton (D:5)
  A leopard gecko zombie (D:5)
  29 rats
135 creatures vanquished.

Notes
Turn   | Place    | Note
-------+----------+-------------------------------------------
     0 | D:1      | lordofpotatos the Troll Monk began the quest for the Orb.
     0 | D:1      | Reached XP level 1. HP: 22/22 MP: 0/0
   335 | D:1      | Reached XP level 2. HP: 29/29 MP: 1/1
   632 | D:2      | Reached XP level 3. HP: 36/36 MP: 2/2
   642 | D:2      | Reached skill level 1 in Throwing
   814 | D:2      | Reached XP level 4. HP: 35/44 MP: 3/3
  1027 | D:3      | HP: 2/44 [gnoll/flail (14)]
  1141 | D:3      | Found an ornate altar of the Wu Jian Council.
  1172 | D:3      | Became a worshipper of the Wu Jian Council
  1172 | D:3      | Reached * piety under Wu Jian
  1172 | D:3      | Reached ** piety under Wu Jian
  1239 | D:3      | Reached skill level 4 in Unarmed Combat
  1239 | D:3      | Reached XP level 5. HP: 40/53 MP: 2/4
  1396 | D:3      | Found a glowing drain.
  1406 | Sewer    | Entered a sewer
  1450 | Sewer    | Reached XP level 6. HP: 61/61 MP: 5/5
  1611 | Sewer    | Reached *** piety under Wu Jian
  2284 | D:4      | Reached XP level 7. HP: 68/68 MP: 6/6
  2351 | D:4      | Reached skill level 5 in Unarmed Combat
  2629 | D:4      | Reached **** piety under Wu Jian
  3006 | D:5      | Entered Level 5 of the Dungeon
  3007 | D:5      | Found a hazy altar of Hepliaklqana.
  3156 | D:5      | Reached XP level 8. HP: 79/79 MP: 7/7
  3386 | D:5      | Noticed Dowan
  3389 | D:5      | Noticed Duvessa
  3395 | D:5      | Killed Dowan
  3406 | D:5      | Mangled by Duvessa

Vault maps used:
D:1:      shiori_arrival_maze, hangedman_decor_riveting,
          minmay_misc_feat_columns
D:2:      nicolae_overflow_hidden_temple, first_bread, minmay_surrounded
D:3:      overflow_temple_1_default, portal_sewer_entry_f
D:4:      minmay_liquid_box
D:5:      nicolae_overflow_crystal_walls, grunt_decor_resistance, minmay_holes,
          uniq_duvessa
Sewer:    sewer_minmay_treatment

Skill      XL: |  1  2  3  4  5  6  7  8 |
---------------+-------------------------+-----
Throwing       | 1 2 3 4 |  4.0
Dodging        | 3 4 |  4.6
Fighting       | 3 4 |  4.4
Unarmed Combat | 4 5 |  5.6
Stealth        | |  1.0

Action                   |  1- 3 |  4- 6 |  7- 9 || total
-------------------------+-------+-------+-------++-------
Melee: Unarmed           |    59 |   221 |    90 ||   370
       Punch             |     1 |     4 |     4 ||     9
Throw: Javelin           |    10 |     8 |       ||    18
  Use: Potion            |       |     3 |       ||     3
       Scroll            |       |       |     2 ||     2
 Stab: Sleeping          |       |     2 |     2 ||     4
  Eat: Bread ration      |     2 |     2 |     1 ||     5
       Meat ration       |       |     1 |     1 ||     2
Armor: Robe              |    33 |    87 |    13 ||   133
Dodge: Dodged            |    45 |   148 |    32 ||   225
